 Dungeon Crawl Stone Soup version 0.18-a0-1692-g516f9e9 (webtiles) character file.

6270 4thArraOfDagon the Cleaver (level 10, -2/93 HPs)
             Began as a Hill Orc Berserker on Apr 5, 2016.
             Was a High Priest of Trog.
             Slain by a troll (15 damage)
             ... on level 11 of the Dungeon.
             The game lasted 00:11:26 (2656 turns).

4thArraOfDagon the Cleaver (Hill Orc Berserker)     Turns: 2656, Time: 00:11:27

Health: -2/93      AC: 13    Str: 26    XL:     10   Next: 94%
Magic:  13/13      EV: 11    Int:  7    God:    Trog [*****.]
Gold:   320        SH:  0    Dex: 10    Spells: 0 memorised, 9 levels left

rFire  + . .     SeeInvis .     w - +0 war axe
rCold  . . .     Gourm    .     f - +0 ring mail
rNeg   . . .     Faith    .     (no shield)
rPois  .         Spirit   .     (helmet restricted)
rElec  .         Dismiss  .     t - +0 cloak
rCorr  .         Reflect  .     (no gloves)
SustAt .         Harm     .     e - +0 pair of boots
MR     ++...                    a - amulet of magic regeneration
Stlth  ..........               s - +2 ring of protection
                                h - ring of protection from fire

@: lethally poisoned (-2 -> -2), exhausted, regenerating, slowed, very slow,
very resistant to hostile enchantments, extremely unstealthy
A: antennae 1, thin metallic scales 1, strong 1, wild magic 1
a: Berserk, Trog's Hand, Brothers in Arms, Burn Spellbooks, Renounce Religion


You were on level 11 of the Dungeon.
You worshipped Trog.
Trog was extremely pleased with you.
You were very hungry.

You visited 1 branch of the dungeon, and saw 12 of its levels.

You collected 320 gold pieces.

Inventory:

Hand Weapons
 w - a +0 war axe (weapon)
 H - a +3 scimitar of flaming
Armour
 b - a +0 helmet
 e - a +0 pair of boots (worn)
 f - a +0 ring mail (worn)
 t - a +0 cloak (worn)
Jewellery
 a - an amulet of magic regeneration (around neck)
 h - a ring of protection from fire (left hand)
 s - a +2 ring of protection (right hand)
Wands
 u - a wand of digging (10/24)
 C - a wand of flame (20/48)
 E - a wand of digging (6/24)
 G - a wand of paralysis (13/24)
Scrolls
 d - 4 scrolls of remove curse
 g - a scroll of magic mapping {unknown}
 k - a scroll of fog {unknown}
 p - 4 scrolls of fear {unknown}
 q - a scroll of random uselessness {unknown}
 r - a scroll of amnesia {unknown}
 y - 4 scrolls of teleportation {unknown}
 z - a scroll of holy word {unknown}
 A - a scroll of enchant armour {unknown}
 I - a scroll of identify
Potions
 j - a potion of berserk rage {unknown}
 l - a potion of haste {unknown}
 m - 2 potions of curing
 v - a potion of magic
 B - 3 potions of lignification {unknown}
 D - 2 potions of degeneration {unknown}
 F - a potion of heal wounds {unknown}
Comestibles
 c - 4 bread rations
 i - 4 meat rations
 n - 8 chunks of flesh
 o - a slice of pizza
 x - 2 beef jerkies


   Skills:
 + Level 9.9 Fighting
 * Level 14.0 Axes
 + Level 8.8 Armour
 - Level 1.5 Dodging
 + Level 4.8 Evocations


You had 9 spell levels left.
You didn't know any spells.

Dungeon Overview and Level Annotations

Branches:
Dungeon (12/15)
 Temple: D:4-7         Lair: D:8-11         Orc: D:9-12

Altars:
Gozag
Kikubaaqudgha
Qazlal
Yredelemnul
The Shining One


Innate Abilities, Weirdness & Mutations

You have a pair of small antennae on your head.
You are partially covered in thin metallic scales (AC +2).
Your muscles are strong. (Str +2)
Your spells are a little harder to cast, but a little more powerful.


Message History

Your skin crawls.
You feel resistant to hostile enchantments.
You feel slightly more hungry. The troll bites you!
* * * LOW HITPOINT WARNING * * *
The troll claws you.
* * * LOW HITPOINT WARNING * * *
The troll claws you but does no damage. The troll bites you!
* * * LOW HITPOINT WARNING * * *
The troll claws you but does no damage. The troll closely misses you.
Evoke which item? (* to show all) (? for menu, Esc to quit)
Okay, then.
Drink which item? (? for menu, Esc to quit)
Okay, then.
Evoke which item? (* to show all) (? for menu, Esc to quit)
Zapping:
G - a wand of paralysis (14/24)
Press: ? - help, Shift-Dir - straight line, f - troll
Aim: a troll (chance to defeat MR: 56%)
The troll resists with significant effort.
This wand has 13 charges left.
The troll bites you!
You die...

.......(.# #
.#######.# .# .#
###.####.# .#
###.......)#
.###........###
...#.#.#....#
.......#.#.##
..((.###.<..#######
(.()(..........T@.##
...((.###...####...#
# ##(##.# ##.##
#...# .# ##.##.#
#.#####...###.#
...##.#
#.##.(........#
...##.#
#.#...........#
....#.#
#.#..........##
....#.# #.###...####
....#.# #.# #...#


You could see a troll.

Vanquished Creatures
  Erica (D:10)
  3 hill giants
  A troll (D:10)
  6 yaks
  A hungry ghost (D:8)
  Duvessa (D:4)
  A sky beast (D:8)
  An orc warrior (D:10)
  A wasp (D:12)
  A phantom (D:5)
  3 ogres
  7 centaurs
  6 giant frogs
  Dowan (D:4)
  A wyvern skeleton (D:10)
  A scorpion (D:9)
  4 killer bees (D:7)
  A quasit (D:7)
  A crimson imp (D:11)
  A centaur zombie (D:5)
  4 hounds
  A wasp zombie (D:8)
  7 orc priests
  A giant frog skeleton (D:8)
  A centaur skeleton (D:11)
  2 iguanas (D:8)
  5 worker ants
  3 orc wizards
  2 hound skeletons
  Robin (D:3)
  A worker ant zombie (D:5)
  4 gnolls (D:8)
  4 river rats (D:10)
  4 adders
  3 shadow imps
  An ooze (D:3)
  A worm (D:3)
  2 giant geckos
  29 orcs
  A ball python (D:2)
  A giant cockroach (D:4)
  8 goblins
  8 hobgoblins
  11 jackals
  5 kobolds
  2 quokkas
  13 bats
  6 giant newts
  A quokka skeleton (D:4)
  10 rats
  A fungus (D:10)
186 creatures vanquished.

Notes
Turn   | Place    | Note
--------------------------------------------------------------
     0 | D:1      | 4thArraOfDagon the Hill Orc Berserker began the quest for the Orb.
     0 | D:1      | Reached XP level 1. HP: 19/19 MP: 1/1
   167 | D:1      | Reached XP level 2. HP: 22/27 MP: 2/2
   330 | D:2      | Found a stormy altar of Qazlal.
   536 | D:3      | Reached ** piety under Trog
   536 | D:3      | Reached XP level 3. HP: 33/33 MP: 3/3
   639 | D:3      | Reached skill level 5 in Axes
   639 | D:3      | Reached XP level 4. HP: 29/41 MP: 4/4
   739 | D:4      | Reached XP level 5. HP: 44/47 MP: 5/5
   853 | D:4      | Reached skill level 5 in Fighting
   853 | D:4      | Reached skill level 6 in Axes
   913 | D:3      | Noticed Robin
   920 | D:3      | Killed Robin
   930 | D:3      | Reached *** piety under Trog
   984 | D:4      | Noticed Dowan
   985 | D:4      | Noticed Duvessa
   998 | D:4      | Killed Duvessa
   998 | D:4      | Reached skill level 7 in Axes
   998 | D:4      | Reached XP level 6. HP: 56/56 MP: 6/6
  1006 | D:4      | Killed Dowan
  1111 | D:5      | Entered Level 5 of the Dungeon
  1169 | D:5      | Reached XP level 7. HP: 60/62 MP: 7/7
  1197 | D:5      | Reached skill level 8 in Axes
  1305 | D:5      | Reached skill level 5 in Armour
  1388 | D:6      | Reached skill level 9 in Axes
  1388 | D:6      | Reached XP level 8. HP: 51/71 MP: 8/8
  1477 | D:7      | Found an ancient bone altar of Kikubaaqudgha.
  1518 | D:8      | Found a glowing golden altar of the Shining One.
  1589 | D:8      | Reached skill level 10 in Axes
  1600 | D:8      | Gained mutation: You have a pair of small antennae on your head. [mutagenic meat]
  1601 | D:8      | Gained mutation: You are partially covered in thin metallic scales (AC +2). [mutagenic meat]
  1602 | D:8      | Gained mutation: Your spells are a little harder to cast, but a little more powerful. [mutagenic meat]
  1603 | D:8      | Gained mutation: Your muscles are strong. (Str +2) [mutagenic meat]
  1748 | D:7      | Found an opulent altar of Gozag.
  1796 | D:7      | Reached XP level 9. HP: 80/80 MP: 9/9
  1797 | D:7      | Reached **** piety under Trog
  1797 | D:7      | Reached skill level 11 in Axes
  1883 | D:9      | Found a basalt altar of Yredelemnul.
  1972 | D:10     | Entered Level 10 of the Dungeon
  1973 | D:10     | Noticed Erica
  1979 | D:10     | Killed Erica
  1994 | D:10     | Reached skill level 12 in Axes
  2069 | D:10     | Noticed a troll
  2076 | D:10     | Killed a troll
  2093 | D:10     | Reached XP level 10. HP: 72/90 MP: 12/12
  2234 | D:11     | Noticed a hill giant
  2258 | D:11     | Killed a hill giant
  2263 | D:11     | Reached skill level 13 in Axes
  2294 | D:10     | Noticed a hill giant
  2311 | D:10     | Killed a hill giant
  2332 | D:10     | Reached ***** piety under Trog
  2501 | D:11     | Noticed a hill giant
  2519 | D:11     | Killed a hill giant
  2519 | D:11     | Reached skill level 14 in Axes
  2656 | D:11     | Slain by a troll

Vault maps used:
D:1:      dpeg_arrival_houses_and_road, patterned_corridor
D:2:      supply_closet_lemuel, lemuel_tele_altar
D:3:      uniq_robin
D:4:      kennysheep_little_box, minmay_cupped, uniq_duvessa
D:5:      gammafunk_temple_overflow_statue, first_bread, serial_glass,
          glass_columns_a, glass_columns_c, basic_altar
D:6:      lemuel_blue_sif_altar, minmay_temple_entry_enclosed_plants,
          uniq_edmund
D:7:      grunt_gozag_statues, lemuel_doored_altar, serial_shops, shop
D:8:      special_room, tso_altar
D:9:      marbit_many_paths, nicolae_overflow_crystal_walls, david_nohive_1
D:10:     grunt_lair_entry_orc_guard_hut, uniq_erica
D:12:     orc_0_dummy, uniq_erolcha

Skill      XL: |  1  2  3  4  5  6  7  8  9 10 |
---------------+-------------------------------+-----
Fighting       | 4 5 6 7 8 9 |  9.9
Axes           | 5 7 9 10 12 14 | 14.0
Armour         | 3 4 5 6 7 8 |  8.8
Evocations     | 3 4 |  4.8
Dodging        | |  1.5

Action                   |  1- 3 |  4- 6 |  7- 9 | 10-12 || total
-------------------------+-------+-------+-------+-------++-------
Melee: Hand axe          |    88 |    48 |       |       ||   136
       War axe           |       |    36 |   211 |   125 ||   372
Invok: Berserk           |     3 |     5 |     7 |     6 ||    21
       Trog's Hand       |     1 |       |     4 |     5 ||    10
Evoke: Wand              |       |       |     2 |     1 ||     3
  Use: Scroll            |       |       |     4 |     1 ||     5
  Eat: Beef jerky        |     1 |       |       |       ||     1
       Chunk             |       |     8 |    17 |     8 ||    33
